 Dungeon Crawl Stone Soup version 0.27-a0-1191-g601b473118 (webtiles) character file.

Game seed: 1801985361935138449

42 flotson the Covert (level 3, -1/35 HPs)
             Began as a Gnoll Delver on May 24, 2021.
             Slain by a centaur
             ... wielding a +0 dagger
              (7 damage)
             ... on level 5 of the Dungeon on May 25, 2021.
             The game lasted 00:03:21 (665 turns).

flotson the Covert (Gnoll Delver)                    Turns: 665, Time: 00:03:21

Health: -1/35      AC:  3    Str: 12    XL:     3   Next: 54%
Magic:  4/4        EV: 13    Int:  9    God:
Gold:   13         SH:  0    Dex: 13    Spells: 3/3 levels left

rFire    . . .     SeeInvis .   a - +0 spear
rCold    . . .     Faith    .   (no shield)
rNeg     . . .     Spirit   .   b - +0 leather armour
rPois    .         Reflect  .   (no helmet)
rElec    .         Harm     .   (no cloak)
rCorr    .         Rampage  .   (no gloves)
Will     .....                  (no boots)
Stlth    ++++......             (no amulet)
HPRegen  0.11/turn              (no ring)
MPRegen  0.09/turn              (no ring)

@: no status effects
A: fangs 1, strong nose, distributed training
a: no special abilities


You were on level 5 of the Dungeon.
You visited 1 branch of the dungeon, and saw 1 of its levels.

You collected 13 gold pieces.

Inventory:

Hand Weapons
 a - a +0 spear (weapon)
Armour
 b - a +0 leather armour (worn)
Wands
 g - a wand of digging (3)
Scrolls
 d - a scroll of magic mapping


   Skills:
 + Level 6.5 Fighting
 + Level 0.8 Short Blades
 + Level 0.8 Long Blades
 + Level 0.8 Axes
 + Level 0.8 Maces & Flails
 + Level 4.5 Polearms
 + Level 0.8 Staves
 + Level 0.8 Slings
 + Level 0.8 Bows
 + Level 0.8 Crossbows
 + Level 0.8 Throwing
 + Level 0.8 Armour
 + Level 4.5 Dodging
 + Level 9.5 Stealth
 + Level 0.8 Shields
 + Level 0.8 Unarmed Combat
 + Level 0.8 Spellcasting
 + Level 0.5 Conjurations
 + Level 0.5 Hexes
 + Level 0.5 Summonings
 + Level 0.5 Necromancy
 + Level 0.5 Translocations
 + Level 0.5 Transmutations
 + Level 0.5 Fire Magic
 + Level 0.5 Ice Magic
 + Level 0.5 Air Magic
 + Level 0.5 Earth Magic
 + Level 0.5 Poison Magic
 + Level 1.0 Invocations
 + Level 0.8 Evocations


You had 3 spell levels left.
You didn't know any spells.
Your spell library was empty.

Dungeon Overview and Level Annotations

Branches:
Dungeon (5/15)
 Temple: D:4-7

Altars:

Annotations:
D:5 1 runed translucent door, Crazy Yiuf


Innate Abilities, Weirdness & Mutations

You have very sharp teeth.
Your uncanny sense of smell can sniff out nearby items.
Your experience applies equally to all skills.


Message History

You puncture the dart slug!
You kill the dart slug!
No target in view!
No target in view!
You start resting.
A dart slug is nearby!
The centaur unwields a +0 dagger.
The centaur wields a +0 shortbow.
The centaur shoots an arrow.
The arrow hits you. The dart slug launches a dart at you.
The slug dart misses you.
The centaur shoots an arrow.
The arrow hits you.
Unknown command.
Unknown command.
Okay, then.
Okay, then.
Unknown command.
You aren't carrying any potions.
Unknown command.
The centaur shoots an arrow.
The arrow closely misses you.
The centaur shoots an arrow.
The arrow hits you. The dart slug launches a dart at you.
The slug dart misses you.
The centaur shoots an arrow.
The arrow hits you. The dart slug launches a dart at you.
The slug dart misses you.
The centaur shoots an arrow.
The arrow hits you!
* * * LOW HITPOINT WARNING * * *
The centaur shoots an arrow.
The arrow hits you.
* * * LOW HITPOINT WARNING * * *
The centaur shoots an arrow.
The arrow closely misses you.
The centaur unwields a +0 shortbow.
The centaur wields a +0 dagger.
The centaur misses you. The centaur closely misses you. x2
The centaur barely misses you.
You hit the centaur. Your bite misses the centaur.
The centaur is lightly wounded.
The centaur misses you. The centaur barely misses you.
You hit the centaur but do no damage. You bite the centaur, but do no damage.
The centaur is lightly wounded.
The centaur hits you with a +0 dagger!
You die...

#.# ...# .# ∆
#.#####.# ..
#.#.....# #.
#.#.....# #. #
#.......# #. .#
##......# #§
#.## ##..####.#
#§###≈.≈##
#...## #.##
##§§§≈≈≈≈w
#....#
#@†###§§§#≈≈≈#≈
#....#
#c..#§§§§§§..≈≈
♣.P..♣
#.##.≈≈§§§§§.≈#
♣♣...♣
#.##≈≈≈≈≈§≈§.≈≈
♣♣.♣♣
#.#≈≈≈≈≈≈≈#w≈≈≈
♣♣.♣
#..≈≈≈≈≈≈≈...≈≈
♣.♣♣
#...≈≈≈≈≈≈.<⌠≈≈
♣♣.♣
#..≈≈≈≈≈≈≈?.$#≈
♣.♣♣
##.≈≈≈≈#≈≈≈=≈≈≈


You could see a centaur.

Vanquished Creatures
  A bullfrog skeleton (D:5)
  5 dart slugs (D:5)
6 creatures vanquished.

Vanquished Creatures (others)
  2 fungi (D:5)
2 creatures vanquished.

Grand Total: 8 creatures vanquished

Notes
Turn   | Place    | Note
-------+----------+-------------------------------------------
     0 | D:5      | Reached skill level 9 in Stealth
     0 | D:5      | flotson the Gnoll Delver began the quest for the Orb.
     0 | D:5      | Reached XP level 1. HP: 23/23 MP: 1/1
    32 | D:5      | Reached XP level 2. HP: 14/29 MP: 2/2
   202 | D:5      | Noticed a howler monkey
   230 | D:5      | Noticed an ogre
   261 | D:5      | Noticed a centaur
   273 | D:5      | Reached XP level 3. HP: 4/35 MP: 2/4
   353 | D:5      | Reached skill level 1 in Invocations
   610 | D:5      | Found a runed translucent door.
   611 | D:5      | Noticed Crazy Yiuf
   665 | D:5      | Slain by a centaur

Illustrated notes

Levels and vault maps discovered:
D:5:      kennysheep_slugbush, layout_basic,
          minmay_temple_entry_drinking_statues, uniq_crazy_yiuf_cottage

Skill      XL: |  1  2  3 |
---------------+----------+-----
Stealth        | |  9.5
Invocations    | 1 |  1.0
Fighting       | |  6.5
Short Blades   | |  0.8
Long Blades    | |  0.8
Axes           | |  0.8
Maces & Flails | |  0.8
Polearms       | |  4.5
Staves         | |  0.8
Slings         | |  0.8
Bows           | |  0.8
Crossbows      | |  0.8
Throwing       | |  0.8
Armour         | |  0.8
Dodging        | |  4.5
Shields        | |  0.8
Unarmed Combat | |  0.8
Spellcasting   | |  0.8
Conjurations   | |  0.5
Hexes          | |  0.5
Summonings     | |  0.5
Necromancy     | |  0.5
Translocations | |  0.5
Transmutations | |  0.5
Fire Magic     | |  0.5
Ice Magic      | |  0.5
Air Magic      | |  0.5
Earth Magic    | |  0.5
Poison Magic   | |  0.5
Evocations     | |  0.8

Action                   || total
-------------------------++-------
Melee: Spear             ||    43
       Bite              ||    11
  Use: Scroll            ||     2
       Potion            ||     1
 Stab: Sleeping          ||     1
Dodge: Dodged            ||    20

Table legend: (Time is in decaauts)
 A = Elapsed time spent in this place.
 B = Non-inter-level travel time spent in this place.
 C = Inter-level travel time spent in this place.
 D = Time resting spent in this place.
 E = Time spent auto-exploring this place.
 F = Levels seen in this place.
 G = Mean time per level.
                   A        B        C        D        E       F      G
               +--------+--------+--------+--------+--------+-----+--------+
         Total |    650 |    650 |      0 |    456 |     43 |   1 |  650.0 |
       Dungeon |    650 |    650 |      0 |    456 |     43 |   1 |  650.0 |
               +--------+--------+--------+--------+--------+-----+--------+

Top non-repeatable levels by time:
     D:5: 650 daAuts
